 Dungeon Crawl Stone Soup version 0.29.1-12-g30fa7ad0bf (webtiles) character file.

Game seed: 11419597217057705441

166163 Mitcholas the Brawler (level 17, -4/170 HPs)
             Began as a Troll Fighter on Jan 2, 2023.
             Was the Champion of Wu Jian.
             Killed from afar by Azrael (23 damage)
             ... with a bolt of fire
             ... on level 3 of the Snake Pit on Jan 4, 2023.
             The game lasted 01:47:30 (19216 turns).

Mitcholas the Brawler (Troll Fighter)              Turns: 19216, Time: 01:47:31

Health: -4/170     AC: 18    Str: 28    XL:     17   Next: 29%
Magic:  20/20      EV: 10    Int: 16    God:    Wu Jian [******]
Gold:   1503       SH: 15    Dex:  7    Spells: 15/21 levels left

rFire   . . .      SeeInvis .     - Unarmed
rCold   . . .      Faith    .   H - +0 kite shield
rNeg    . . .      Spirit   .   O - +3 troll leather armour
rPois   +          Reflect  +   N - +2 hat {Will+}
rElec   +          Harm     .   J - +2 cloak
rCorr   .          Rampage  .   (gloves unavailable)
Will    ++...                   (boots unavailable)
Stlth   +.........              s - amulet of reflection
HPRegen 1.98/turn               S - ring "Kyetsol" {rElec rPois Int+6}
MPRegen 0.17/turn               v - +4 ring of protection

@: no status effects
A: large, unfitting armour, claws 3, regeneration 1, shaggy fur 1, tough skin 1,
clumsy 1
a: Renounce Religion, Wall Jump, Serpent's Lash, Heavenly Storm


You were on level 3 of the Snake Pit.
You worshipped Wu Jian.
Wu Jian was exalted by your worship.
You visited 4 branches of the dungeon, and saw 20 of its levels.
You also visited: Gauntlet and Volcano.

You collected 1704 gold pieces.
You spent 201 gold pieces at shops.

Inventory:

Hand Weapons
 b - a +5 flail of freezing
Missiles
 w - 19 boomerangs (quivered)
 x - 18 poisoned darts
 y - a throwing net
Armour
 H - a +0 kite shield (worn)
 J - a +2 cloak (worn)
 N - a +2 hat of willpower (worn)
 O - a +3 troll leather armour (worn)
Jewellery
 i - a ring of protection from fire
 r - a ring of flight
 s - an amulet of reflection (around neck)
 v - a +4 ring of protection (right claw)
 S - the ring "Kyetsol" (left claw) {rElec rPois Int+6}
   (You found it on level 10 of the Dungeon)

   [ring of intelligence]

   Int:       It affects your intelligence (+6).
   rElec:     It insulates you from electricity.
   rPois:     It protects you from poison.
Wands
 e - a wand of roots (3)
 F - a wand of charming (20)
 I - a wand of flame (33)
 M - a wand of mindburst (4)
 T - a wand of polymorph (11)
 U - a wand of quicksilver (3)
 W - a wand of digging (7)
Scrolls
 a - a scroll of acquirement {unknown}
 f - 8 scrolls of teleportation
 g - a scroll of summoning {unknown}
 l - 2 scrolls of magic mapping
 m - 3 scrolls of blinking
 n - 4 scrolls of vulnerability
 o - 2 scrolls of brand weapon {unknown}
 p - 2 scrolls of torment {unknown}
 q - 3 scrolls of amnesia
 A - 4 scrolls of immolation
 B - 3 scrolls of fog
 L - 3 scrolls of fear
 R - a scroll of silence {unknown}
 V - 2 scrolls of poison {unknown}
Potions
 c - 6 potions of might
 d - 14 potions of curing
 h - a potion of cancellation
 j - 3 potions of resistance
 k - 5 potions of mutation
 t - 10 potions of brilliance
 u - 14 potions of heal wounds
 C - 3 potions of magic
 E - 4 potions of berserk rage
 G - 4 potions of attraction
 K - 3 potions of lignification
 P - 5 potions of flight
 Q - 5 potions of haste
Miscellaneous
 z - a tin of tremorstones (2/2)
 D - a piece from Xom's chessboard (15/15)


   Skills:
 + Level 11.4 Fighting
 - Level 10.0 Dodging
 + Level 12.4 Shields
 * Level 18.2 Unarmed Combat
 + Level 2.7 Spellcasting
 + Level 4.5 Transmutations
 + Level 5.4 Earth Magic


You had 15 spell levels left.
You knew the following spells:

 Your Spells              Type           Power      Damage    Failure   Level
a - Statue Form           Tmut/Erth      12%        N/A       100%        6

Your spell library contained the following spells:

 Spells                   Type           Power      Damage    Failure   Level
 Sandblast                Erth           38%        2d10      3%          1
 Beastly Appendage        Tmut           32%        N/A       6%          1
 Passwall                 Tmut/Erth      15%        N/A       7%          2
 Wereblood                Tmut           16%        N/A       9%          2
 Sting                    Tmut/Pois      36%        1d4       14%         1
 Stone Arrow              Conj/Erth      20%        3d8       34%         3
 Apportation              Tloc           4%         N/A       36%         1
 Foxfire                  Conj/Fire      8%         2x1d4     36%         1
 Blink                    Tloc           4%         N/A       50%         2
 Poisonous Vapours        Pois/Air       4%         N/A       50%         2
 Conjure Flame            Conj/Fire      2%         6-21      73%         3
 Inner Flame              Hex/Fire       2%         N/A       73%         3
 Lesser Beckoning         Tloc           2%         N/A       73%         3
 Mephitic Cloud           Conj/Pois/Air  2%         N/A       73%         3
 Summon Guardian Golem    Hex/Summ       2%         N/A       73%         3
 Blade Hands              Tmut           8%         N/A       85%         5
 Flame Wave               Conj/Fire      2%         2d4       98%         4
 Olgreb's Toxic Radiance  Pois           2%         N/A       98%         4
 Alistair's Intoxication  Tmut/Pois      6%         N/A       99%         5
 Irradiate                Conj/Tmut      4%         3d13      99%         5
 Manifold Assault         Tloc           2%         N/A       100%        5
 Dragon Form              Tmut           8%         N/A       100%        7
 Orb of Destruction       Conj           1%         9d5       100%        7
 Spellforged Servitor     Conj/Summ      1%         N/A       100%        7


Dungeon Overview and Level Annotations

Branches:
Dungeon (11/15)            Temple (1/1) D:5            Lair (5/5) D:9
  Swamp (0/4) Lair:3        Snake (3/4) Lair:2        Slime (0/5) Lair:4
    Orc (0/2) D:11        Volcano (visited)         Gauntlet (visited)

Altars:
Ashenzari
Cheibriados
Dithmenos
Elyvilon
Fedhas
Gozag
Hepliaklqana
Kikubaaqudgha
Makhleb
Nemelex Xobeh
Okawaru
Qazlal
Ru
Sif Muna
Trog
Uskayaw
Vehumet
Wu Jian
Xom
Yredelemnul
Zin
The Shining One
Jiyva

Shops:
D:5 [   D:6 (   D:11 ?   Snake:1 *   Snake:3 ?

Annotations:
Lair:4 1 runed translucent door
Snake:3 Azrael


Innate Abilities, Weirdness & Mutations

You are too large for most types of armour.
You have claws for hands.
Your natural rate of healing is unusually fast.
You are covered in fur. (AC +1)
You have tough skin. (AC +1)
You are clumsy. (Dex -2)


Message History

The fireball engulfs the fire elemental.
The fire elemental completely resists.
The fireball engulfs the hell hound.
The hell hound completely resists.
The fireball engulfs you!!
* * * LOW HITPOINT WARNING * * *
The fireball engulfs Azrael.
Azrael completely resists.
The fireball engulfs the hell hound.
The hell hound completely resists.
The fireball engulfs the fire elemental.
The fire elemental completely resists.
The fire elemental hits you. The fire elemental burns you!
* * * LOW HITPOINT WARNING * * *
The hell hound bites you!
* * * LOW HITPOINT WARNING * * *
The naga hits you from afar with a +0 halberd!
* * * LOW HITPOINT WARNING * * *
You block the hell hound's attack.
You hear an angry hiss.
You hear a shout!
Unknown command.
You feel much better. The hell hound closely misses you.
The hell hound bites you but does no damage.
The fire elemental hits you. The fire elemental burns you!
* * * LOW HITPOINT WARNING * * *
The hell hound bites you.
* * * LOW HITPOINT WARNING * * *
The hell hound closely misses you. The naga misses you.
Aiming: Wall Jump
Press: ? - help, Dir - move target You repeatedly attack the hell hound from above.
You claw the hell hound!
You kill the hell hound!
The Council accepts your kill.
Azrael howls in rage.
The hell hound breathes flames at you. The blast of flame hits you.
* * * LOW HITPOINT WARNING * * *
A black mamba comes into view.
You block the hell hound's attack. Azrael gestures at you.
The bolt of fire misses the fire elemental.
The bolt of fire hits you!!
You die...

#.#.#.....'# .#
#.#.#.....## .#
#.#.#.....# .+
#.#.'.....## .
.# #.#.#.....'#
.. .#
#.#.######## ..
.######+#
#.#........# .#
.........
..#.°°h☼N).# ..#
<........
..#.○@hE☼N.#...#
.........
..#.°○E..°)NS..#
#.#.#.#.#
#....○R○.#.○.#
.........
##########..○...
#"#.#.#.# ..###
......>. ..#
#.#.#.#.# .#
......... .#
#.#.#.#.#


You could see Azrael, a black mamba (wandering), 2 fire elementals, 2 hell
hounds and 3 nagas.

Vanquished Creatures
  Jorgrun (Snake:2)
  Gastronok (D:10)
  A minotaur (Gauntlet)
  A red draconian (Volcano)
  2 hydras
  A salamander tyrant (Snake:1)
  11 anacondas
  A catoblepas (Lair:2)
  8 naga warriors
  2 two-headed ogres
  2 death yaks
  Urug (Lair:4)
  8 shock serpents
  Amaemon (Lair:1)
  3 naga sharpshooters
  A salamander mystic (Volcano)
  7 naga ritualists
  A lindwurm (Lair:3)
  5 mana vipers
  5 salamanders
  9 naga magi
  28 elephants
  2 guardian serpents (Snake:2)
  37 black mambas
  6 cane toads
  2 torpor snails
  An orange demon (Lair:1)
  5 rime drakes
  An unseen horror (D:10)
  12 komodo dragons
  A queen bee (Gauntlet)
  3 polar bears (Lair:5)
  2 trolls (D:10)
  10 blink frogs
  10 hornets
  16 dream sheep
  12 spriggans (Lair:5)
  2 wyverns
  A vampire (D:11)
  62 yaks
  Eustachio (D:4)
  A neqoxec (Gauntlet)
  A vampire mosquito (Lair:3)
  2 basilisks
  A steam dragon (D:6)
  2 chaos spawn (Gauntlet)
  22 nagas
  A hell hound (Snake:3)
  2 acid dragons
  10 water moccasins
  2 ice beasts (D:7)
  12 black bears
  5 orc warriors
  3 sky beasts
  20 wolves
  6 ogres
  3 boggarts (Lair:5)
  4 phantoms (D:5)
  3 centaurs
  3 kobold brigands
  A gnoll sergeant (D:5)
  19 bullfrogs
  A necrophage (D:5)
  6 scorpions
  9 wights
  2 jellies
  9 killer bees
  3 electric eels
  4 howler monkeys
  3 hounds
  6 orc priests
  2 gnoll boudas
  4 orc wizards
  Terence (D:2)
  3 iguanas
  5 hell rats (Lair:4)
  14 gnolls
  13 adders
  2 shadow imps (Gauntlet)
  2 white imps
  An ufetubus (D:6)
  A worm (D:3)
  15 dart slugs
  50 orcs
  4 ball pythons
  4 endoplasms
  3 giant cockroaches
  6 goblins
  4 hobgoblins (D:1)
  3 jackals (D:4)
  32 kobolds
  6 quokkas
  9 bats
  11 frilled lizards
  8 rats
  3 butterflies
658 creatures vanquished.

Vanquished Creatures (collateral kills)
  A yak (D:11)
  An orc (D:11)
2 creatures vanquished.

Vanquished Creatures (others)
  A wizard (Gauntlet)
  A naga mage (Snake:1)
  An orc wizard (D:11)
  A shadow imp (Gauntlet)
  A kobold (D:9)
  26 fungi
  60 plants
  27 withered plants (Gauntlet)
118 creatures vanquished.

Grand Total: 778 creatures vanquished

Notes
Turn   | Place    | Note
-------+----------+-------------------------------------------
     0 | D:1      | Mitcholas the Troll Fighter began the quest for the Orb.
     0 | D:1      | Reached XP level 1. HP: 22/22 MP: 0/0
    88 | D:1      | Reached XP level 2. HP: 29/29 MP: 1/1
   376 | D:1      | Found a faded altar of an unknown god.
   422 | D:1      | Reached XP level 3. HP: 36/36 MP: 2/2
   739 | D:2      | Noticed Terence
   792 | D:2      | Reached skill level 3 in Unarmed Combat
  1429 | D:2      | Reached XP level 4. HP: 44/44 MP: 3/3
  1661 | D:2      | Killed Terence
  1773 | D:3      | Found a blossoming altar of Fedhas.
  2338 | D:3      | Noticed an ogre
  2460 | D:4      | Noticed Eustachio
  2506 | D:4      | Killed Eustachio
  2507 | D:4      | Reached skill level 4 in Unarmed Combat
  2507 | D:4      | Reached XP level 5. HP: 53/53 MP: 4/4
  2545 | D:4      | Found a bloodstained altar of Trog.
  2594 | D:4      | Noticed an ogre
  2930 | D:4      | Reached XP level 6. HP: 61/61 MP: 5/5
  3121 | D:4      | Reached skill level 5 in Unarmed Combat
  3126 | D:4      | Found a burning altar of Makhleb.
  3459 | D:3      | Reached XP level 7. HP: 68/68 MP: 6/6
  3741 | D:5      | Entered Level 5 of the Dungeon
  3741 | D:5      | Found Yxuryn's Armour Shop.
  3774 | D:5      | Reached skill level 6 in Unarmed Combat
  3874 | D:5      | Reached skill level 5 in Shields
  3875 | D:5      | Reached XP level 8. HP: 79/79 MP: 7/7
  3958 | D:5      | Reached skill level 7 in Unarmed Combat
  4200 | D:5      | Found a staircase to the Ecumenical Temple.
  4216 | D:5      | Reached skill level 5 in Fighting
  4223 | Temple   | Entered the Ecumenical Temple
  4332 | D:5      | Reached skill level 8 in Unarmed Combat
  4371 | D:5      | Reached XP level 9. HP: 81/88 MP: 8/8
  4712 | D:6      | Reached skill level 9 in Unarmed Combat
  5049 | D:6      | Found a snail-covered altar of Cheibriados.
  5084 | D:6      | Found Ocoymig's Antique Weapon Shop.
  5608 | D:7      | Found a white marble altar of Elyvilon.
  5734 | D:7      | Reached skill level 10 in Unarmed Combat
  6165 | D:7      | Found an iron altar of Okawaru.
  6458 | D:8      | Reached XP level 10. HP: 80/100 MP: 9/9
  6729 | D:8      | Found an ancient bone altar of Kikubaaqudgha.
  6753 | D:8      | Found a shadowy altar of Dithmenos.
  7550 | D:9      | Noticed a two-headed ogre
  7560 | D:9      | Killed a two-headed ogre
  7561 | D:9      | Reached skill level 11 in Unarmed Combat
  7684 | D:9      | Found an ornate altar of the Wu Jian Council.
  7715 | D:9      | Found a stormy altar of Qazlal.
  7738 | D:9      | Became a worshipper of the Wu Jian Council
  7811 | D:9      | Found a staircase to the Lair.
  8219 | D:10     | Entered Level 10 of the Dungeon
  8338 | D:10     | Reached skill level 5 in Dodging
  8507 | D:10     | Noticed Gastronok
  8516 | D:10     | Reached XP level 11. HP: 109/109 MP: 10/10
  8524 | D:10     | Killed Gastronok
  8600 | D:10     | Reached * piety under Wu Jian
  8601 | D:10     | Reached skill level 12 in Unarmed Combat
  8842 | D:10     | Identified the ring "Kyetsol" {rElec rPois Int+6}
  9078 | D:11     | Found a staircase to the Orcish Mines.
  9366 | D:11     | Found Nuashuen's Magic Scroll Boutique.
  9391 | D:11     | Bought a scroll of blinking for 97 gold pieces
  9391 | D:11     | Bought a scroll of fear for 52 gold pieces
  9391 | D:11     | Bought a scroll of fog for 52 gold pieces
  9401 | D:11     | Noticed a two-headed ogre
  9409 | D:11     | Killed a two-headed ogre
  9461 | D:11     | Noticed a boulder beetle
  9469 | D:11     | Reached ** piety under Wu Jian
 10040 | Lair:1   | Entered Level 1 of the Lair of Beasts
 10109 | Lair:1   | Found a gate leading to a gauntlet.
 10127 | Gauntlet | Entered a Gauntlet
 10127 | Gauntlet | Found a transporter.
 10127 | Gauntlet | Found a transporter.
 10127 | Gauntlet | Found a transporter.
 10128 | Gauntlet | Found a transporter.
 10131 | Gauntlet | Found a transporter.
 10146 | Gauntlet | Found a transporter.
 10149 | Gauntlet | Found a transporter.
 10154 | Gauntlet | Found a transporter.
 10158 | Gauntlet | Noticed a wizard
 10162 | Gauntlet | Found a transporter.
 10179 | Gauntlet | Found a transporter.
 10183 | Gauntlet | Found a large runed translucent door.
 10184 | Gauntlet | Found a large runed translucent door.
 10185 | Gauntlet | Found a large runed translucent door.
 10185 | Gauntlet | Found a large runed translucent door.
 10186 | Gauntlet | Found a runed translucent gate.
 10187 | Gauntlet | Found a transporter.
 10187 | Gauntlet | Found a runed translucent gate.
 10188 | Gauntlet | Found a runed translucent gate.
 10189 | Gauntlet | Found a large runed translucent door.
 10189 | Gauntlet | Found a large runed translucent door.
 10190 | Gauntlet | Found a large runed translucent door.
 10191 | Gauntlet | Found a large runed translucent door.
 10200 | Gauntlet | Found a large runed translucent door.
 10200 | Gauntlet | Found a large runed translucent door.
 10200 | Gauntlet | Found a runed translucent door.
 10200 | Gauntlet | Found a runed translucent door.
 10201 | Gauntlet | Found a large runed translucent door.
 10202 | Gauntlet | Found a large runed translucent door.
 10204 | Gauntlet | Found a transporter.
 10294 | Gauntlet | Found a large runed translucent door.
 10295 | Gauntlet | Found a large runed translucent door.
 10296 | Gauntlet | Found a large runed translucent door.
 10296 | Gauntlet | Found a large runed translucent door.
 10481 | Gauntlet | Gained mutation: You are clumsy. (Dex -2) [a neqoxec]
 10484 | Gauntlet | Reached skill level 13 in Unarmed Combat
 10542 | Gauntlet | Killed a wizard
 10567 | Gauntlet | Got Behue's Precepts of Pestilent Shapeshifting
 10605 | Gauntlet | Reached XP level 12. HP: 84/120 MP: 11/11
 10641 | Gauntlet | Noticed a minotaur
 10652 | Gauntlet | Killed a minotaur
 10656 | Gauntlet | Found the +5 sword of Power {vorpal}
 11075 | Lair:1   | Noticed Amaemon
 11183 | Lair:1   | Killed Amaemon
 11757 | Lair:1   | Learned a level 6 spell: Statue Form
 11910 | Lair:1   | Reached *** piety under Wu Jian
 12056 | Lair:2   | Noticed a death yak
 12075 | Lair:2   | Killed a death yak
 12095 | Lair:2   | Reached skill level 14 in Unarmed Combat
 12625 | Lair:2   | Found a staircase to the Snake Pit.
 12819 | Lair:2   | Noticed a catoblepas
 12832 | Lair:2   | Killed a catoblepas
 12990 | Lair:3   | Noticed a seven-headed hydra
 13036 | Lair:3   | Reached **** piety under Wu Jian
 13050 | Lair:3   | Reached skill level 10 in Shields
 13081 | Lair:3   | Found a dark tunnel.
 13113 | Volcano  | Entered a volcano
 13132 | Volcano  | Found a burning altar of Makhleb.
 13142 | Volcano  | Reached XP level 13. HP: 130/131 MP: 12/12
 13144 | Volcano  | Noticed a red draconian
 13169 | Volcano  | Killed a red draconian
 13603 | Lair:3   | Reached skill level 15 in Unarmed Combat
 13913 | Lair:4   | Reached ***** piety under Wu Jian
 14196 | Lair:4   | Found a runed translucent door.
 14197 | Lair:4   | Found a viscous altar of Jiyva.
 14199 | Lair:4   | Noticed an azure jelly
 14202 | Lair:4   | Noticed Urug
 14216 | Lair:4   | Killed Urug
 14219 | Lair:4   | Found a staircase to the Slime Pits.
 14447 | Lair:4   | Reached skill level 10 in Fighting
 14957 | Lair:5   | Entered Level 5 of the Lair of Beasts
 15007 | Lair:5   | Reached skill level 16 in Unarmed Combat
 15069 | Lair:5   | Reached XP level 14. HP: 143/143 MP: 13/13
 15232 | Lair:5   | Reached skill level 1 in Spellcasting
 15232 | Lair:5   | Reached XP level 15. HP: 149/149 MP: 13/16
 15233 | Lair:5   | Reached XP level 16. HP: 158/158 MP: 13/18
 15813 | Lair:5   | Reached ****** piety under Wu Jian
 16280 | Snake:1  | Entered Level 1 of the Snake Pit
 16598 | Snake:1  | Reached skill level 17 in Unarmed Combat
 16694 | Snake:1  | Found a runed translucent door.
 17119 | Snake:1  | Found Goyshoa's General Store.
 17930 | Snake:2  | Noticed Jorgrun
 17954 | Snake:2  | Killed Jorgrun
 18099 | Snake:2  | Reached XP level 17. HP: 158/170 MP: 19/19
 18165 | Snake:2  | Reached skill level 10 in Dodging
 18300 | Snake:2  | Reached skill level 5 in Earth Magic
 18310 | Snake:2  | Reached skill level 18 in Unarmed Combat
 18869 | Snake:3  | Found Xuin Zits's Magic Scroll Shoppe.
 19199 | Snake:3  | Noticed Azrael
 19214 | Snake:3  | HP: 2/170 [naga/+0 halberd (17)]
 19216 | Snake:3  | Killed from afar by Azrael

Illustrated notes

Levels and vault maps discovered:
D:1:      kennysheep_arrival_seaside, layout_basic,
          hellmonk_ecumenical_altar_inner_sanctum
D:2:      layout_basic, lexackson_kobold_supper, uniq_terence
D:3:      layout_loops_ring, overflow_temple_1_default, chequers_big_river,
          small_statue_intersection, chequers_serial_rivers_marsh,
          minmay_lizard_king
D:4:      layout_loops_ring, lemuel_tele_altar, trog_antimagical,
          corexii_checkpoint_a, uniq_eustachio
D:5:      minmay_clustersquares, layout_gridville, temple_green,
          nicolae_stop_n_shop_2, moated_statue, grunt_ministairs_6
D:6:      kennysheep_slugbush, layout_cave_pods, kennysheep_slug_shrine,
          serial_shops, kennysheep_mini_moat
D:7:      layout_loops_cross, lemuel_crystal_altar, kennysheep_mini
D:8:      layout_gridville, mainiacjoe_overflow_catwalk,
          nicolae_kikubaaqudgha_miasma_corner
D:9:      layout_irregular_city, mainiacjoe_overflow_two_lobes,
          david_lair_shrubbed, bh_walls_and_bars
D:10:     layout_irregular_city, grunt_decor_clamped,
          nicolae_figureground_pulse, uniq_gastronok
D:11:     layout_small_grid, hiddenorc2_lemuel, serial_shops,
          nicolae_shop_stone, serial_bayou_crossing
Temple:   nicolae_temple_ecumenical_triangle
Lair:1:   layout_layer_cave, gauntlet_entry_generic, grunt_megastairs_1,
          infiniplex_staircase_pool, lemuel_fruit_fields, serial_bayou_shore_a,
          lemuel_fruit_fields, uniq_amaemon
Lair:2:   layout_cave_pods, minmay_snake_entry_guardpost_medium,
          beast_lair_carwin_3, lemuel_fruit_fields, infiniplex_staircase_pool_2
Lair:3:   layout_gridlike, minmay_swamp_entry_swarm,
          nicolae_volcano_entry_vermiform, serial_bayou_pond_e,
          nicolae_quartered_pool_super, lemuel_fruit_fields
Lair:4:   layout_gridlike, slime_entry_2, serial_rivers,
          chequers_serial_rivers_large_a, chequers_serial_rivers_room_b,
          chequers_serial_rivers_small_b, chequers_serial_rivers_large_b,
          chequers_serial_rivers_small_3, uniq_urug
Lair:5:   minmay_lair_end_enchanted_forest, layout_big_grid,
          serial_bayou_shore_b
Snake:1:  layout_chambers, serial_shops, nicolae_shop_stone, lightli_airlock
Snake:2:  layout_gridlike, uniq_jorgrun
Snake:3:  layout_cave_town, serial_shops, shop, st_stairs_11,
          grunt_ministairs_15, uniq_azrael

Skill      XL: |  1  2  3  4  5  6  7  8  9 10 11 12 13 14 15 16 17 |
---------------+----------------------------------------------------+-----
Shields        | 3 4 5 6 7 9 10 11 12 | 12.4
Unarmed Combat | 3 4 5 6 8 10 11 13 14 16 17 18 | 18.2
Fighting       | 3 4 5 6 7 8 9 10 11 | 11.4
Dodging        | 3 5 6 7 8 9 10 | 10.0
Spellcasting   | 1 2 |  2.7
Transmutations | 2 4 |  4.5
Earth Magic    | 3 4 5 |  5.4

Action                   |  1- 3 |  4- 6 |  7- 9 | 10-12 | 13-15 | 16-18 || total
-------------------------+-------+-------+-------+-------+-------+-------++-------
Melee: Unarmed           |   121 |   105 |   276 |   707 |   430 |   743 ||  2382
       Flail             |       |       |       |       |     8 |       ||     8
Throw: Boomerang         |       |    11 |    23 |       |     1 |       ||    35
       Dart              |       |     6 |       |    61 |       |       ||    67
Invok: Lunge             |       |       |       |    70 |    54 |    82 ||   206
       Whirlwind         |       |       |       |    23 |   113 |   188 ||   324
       Serpent's Lash    |       |       |       |       |     1 |       ||     1
       Heavenly Storm    |       |       |       |       |       |     1 ||     1
 Abil: Wall Jump         |       |       |       |     5 |     5 |     5 ||    15
Evoke: Wand              |       |       |       |    12 |     9 |     4 ||    25
  Use: Scroll            |       |       |     7 |    15 |     3 |     1 ||    26
       Potion            |       |       |       |     1 |     2 |     2 ||     5
 Stab: Sleeping          |     3 |     4 |     2 |       |       |       ||     9
       Distracted        |       |     1 |       |     1 |       |       ||     2
       Petrified         |       |       |       |     1 |       |       ||     1
Armor: Robe              |    42 |    22 |    71 |    22 |       |       ||   157
       Troll leather arm |       |       |       |   146 |   150 |   186 ||   482
Dodge: Dodged            |    53 |    19 |    80 |   156 |   101 |   166 ||   575
Block: Kite shield       |    43 |    57 |   182 |   412 |   223 |   405 ||  1322
       Reflection        |       |     3 |     9 |    15 |     3 |    22 ||    52
